 Dungeon Crawl Stone Soup version 0.25-a0-404-gc1b5a34292 (webtiles) character file.

Game seed: 3373666510568395578, levelgen mode: deterministic

1656 MisterFreud the Conjurer (level 9, 0/68 HPs)
             Began as a Naga Fire Elementalist on Jan 12, 2020.
             Slain by an orc priest
             ... wielding a +1 trident of freezing
              (4 damage)
             ... on level 6 of the Dungeon.
             The game lasted 00:19:37 (6575 turns).

MisterFreud the Conjurer (Naga Fire Elementalist)   Turns: 6575, Time: 00:19:38

Health: 0/68       AC:  8    Str: 13    XL:     9   Next: 0%
Magic:  6/17       EV: 10    Int: 19    God:
Gold:   292        SH:  0    Dex: 14    Spells: 11/19 levels left

rFire    . . .     SeeInvis +   k - +1 short sword
rCold    . . .     Gourm    .   (no shield)
rNeg     . . .     Faith    .   a - +1 robe
rPois    +         Spirit   .   (no helmet)
rElec    .         Reflect  .   x - scarf {repulsion}
rCorr    +         Harm     .   n - +2 pair of gloves
MR       +....                  (no barding)
Stlth    ++........             s - amulet of regeneration
HPRegen  0.61/turn              b - +3 ring of dexterity
MPRegen  0.15/turn              t - ring "Cosa" {rCorr Str+2 SInv}

@: short of breath, repel missiles, very slow
A: large, see invisible, deformed body, poison resistance, slowness 2, slow
metabolism 1, spit poison 1, AC +3
a: Spit Poison


You were on level 6 of the Dungeon.
You were very hungry.

You visited 1 branch of the dungeon, and saw 6 of its levels.

You collected 292 gold pieces.

Inventory:

Hand Weapons
 k - a +1 short sword (weapon)
Missiles
 g - 251 stones
 i - 22 poisoned darts
 m - 2 throwing nets
 q - 11 bolts
 r - 12 boomerangs (quivered)
 u - 15 arrows
Armour
 a - a +1 robe (worn)
 n - a +2 pair of gloves (worn)
 x - a scarf of repulsion (worn)
Jewellery
 b - a +3 ring of dexterity (left hand)
 s - an amulet of regeneration (around neck)
 t - the ring "Cosa" (right hand) {rCorr Str+2 SInv}
   (You found it on level 5 of the Dungeon)

   [ring of resist corrosion]

   It affects your strength (+2).
   It lets you see invisible.
   It provides partial protection from all sources of acid and corrosion.
Wands
 p - a wand of random effects (15)
Scrolls
 j - 4 scrolls of teleportation
 l - 2 scrolls of fear
 o - 2 scrolls of remove curse
 v - a scroll of enchant weapon
Potions
 d - 2 potions of resistance
 e - a potion of curing
 f - a potion of cancellation
 h - a potion of flight
Comestibles
 c - 10 rations


   Skills:
 - Level 1.5 Dodging
 - Level 3.0 Stealth
 + Level 5.7 Spellcasting
 + Level 7.0 Conjurations
 + Level 6.9 Fire Magic


You had 11 spell levels left.
You knew the following spells:

 Your Spells              Type           Power        Failure   Level  Hunger
a - Foxfire               Conj/Fire      ####         1%          1    None
b - Conjure Flame         Conj/Fire      ####....     1%          3    ##.....
c - Sticky Flame          Conj/Fire      ####....     7%          4    ####...

Your spell library contained the following spells:

 Spells                   Type           Power        Failure   Level  Hunger
 Inner Flame              Hex/Fire       ###.....     9%          3    ##.....
 Animate Skeleton         Necr           N/A          12%         1    None
 Pain                     Necr           #...         12%         1    None
 Fireball                 Conj/Fire      ####......   19%         5    #####..
 Vampiric Draining        Necr           #.........   34%         3    ##.....
 Animate Dead             Necr           N/A          75%         4    ####...
 Agony                    Necr           #.......     97%         5    #####..


Dungeon Overview and Level Annotations

Branches:
Dungeon (6/15)
 Temple: D:4-7

Altars:
Elyvilon
Fedhas
Yredelemnul
Zin
The Shining One

Shops:
D:5 (


Innate Abilities, Weirdness & Mutations

You cannot wear boots.
Your serpentine skin is tough. (AC +3)
You have supernaturally acute eyesight. (SInv)
Armour fits poorly on your strangely shaped body.
Your system is resistant to poisons. (rPois)
You cover ground very slowly.
You have a slow metabolism.
You can spit poison.


Message History

* * * LOW HITPOINT WARNING * * *
Unknown command.
Okay, then.
Unknown command.
Unknown command.
Press: ? - help, Shift-Dir - straight line, f/p - orc priest
Aim: an orc priest, wielding a +1 trident of freezing and wearing a +0 ring mail The splash of poison hits the jelly.
The jelly is severely wounded.
You feel slightly more hungry. The jelly barely misses you.
The orc priest closely misses you.
Unknown command.
You hit the jelly.
Your hands burn!
* * * LOW HITPOINT WARNING * * *
The jelly is severely wounded.
The jelly misses you.
The orc priest hits you from afar with a +1 trident of freezing!
* * * LOW HITPOINT WARNING * * *
The orc priest freezes you.
You die...

#.##..# #.....#
#.....# #.....#
#.....# ###...#
#...# #...#
#@).# ##J##
....J...o.....#
≈..ooo........#
≈..oo.........#
≈.............#
..............#
.##############


You could see a jelly and an orc priest.

Vanquished Creatures
  Prince Ribbit (D:5)
  Duvessa (D:4)
  A sky beast (D:5)
  An ice beast (D:5)
  An ogre (D:5)
  2 phantoms (D:5)
  A centaur (D:5)
  2 scorpions
  Dowan (D:4)
  A howler monkey (D:4)
  A crimson imp (D:5)
  A bullfrog zombie (D:6)
  2 orc priests
  3 iguanas
  2 orc wizards (D:4)
  7 worker ants
  5 gnolls
  5 adders
  An ooze (D:2)
  An adder zombie (D:5)
  4 worms
  2 dart slugs
  4 leopard geckos
  17 orcs
  4 ball pythons
  6 giant cockroaches
  11 goblins
  8 hobgoblins
  2 jackals (D:4)
  7 kobolds
  3 quokkas
  9 bats
  6 frilled lizards
  A jackal skeleton (D:6)
  A leopard gecko skeleton (D:4)
  A quokka skeleton (D:4)
  10 rats
136 creatures vanquished.

Vanquished Creatures (others)
  57 foxfires
57 creatures vanquished.

Grand Total: 193 creatures vanquished

Notes
Turn   | Place    | Note
-------+----------+-------------------------------------------
     0 | D:1      | MisterFreud the Naga Fire Elementalist began the quest for
                  | the Orb.
     0 | D:1      | Reached XP level 1. HP: 15/15 MP: 3/3
   176 | D:1      | Reached skill level 2 in Conjurations
   176 | D:1      | Reached XP level 2. HP: 20/22 MP: 5/5
   998 | D:2      | Reached XP level 3. HP: 27/28 MP: 6/6
  1006 | D:2      | Learned a level 3 spell: Conjure Flame
  1049 | D:2      | Found a basalt altar of Yredelemnul.
  1068 | D:2      | Reached skill level 3 in Conjurations
  1103 | D:2      | Reached XP level 4. HP: 31/36 MP: 3/7
  1398 | D:2      | Found a white marble altar of Elyvilon.
  1544 | D:3      | Learned a level 4 spell: Sticky Flame
  1936 | D:3      | Reached XP level 5. HP: 42/42 MP: 8/8
  2306 | D:3      | Reached skill level 4 in Conjurations
  2672 | D:3      | Reached XP level 6. HP: 13/49 MP: 10/10
  2942 | D:3      | Found a glowing golden altar of the Shining One.
  3491 | D:4      | Found a blossoming altar of Fedhas.
  3924 | D:4      | Reached XP level 7. HP: 43/55 MP: 4/12
  4047 | D:4      | Noticed Duvessa
  4049 | D:4      | Noticed Dowan
  4200 | D:4      | Killed Dowan
  4282 | D:4      | Killed Duvessa
  4282 | D:4      | Reached skill level 5 in Conjurations
  4282 | D:4      | Reached skill level 5 in Fire Magic
  4599 | D:4      | Noticed an angel
  4600 | D:4      | Found a glowing silver altar of Zin.
  4627 | D:5      | Entered Level 5 of the Dungeon
  4953 | D:5      | Reached XP level 8. HP: 11/62 MP: 6/14
  5215 | D:5      | Got a brightly glowing tin ring
  5216 | D:5      | Identified the ring "Cosa" {rCorr Str+2 SInv} (You found it
                  | on level 5 of the Dungeon)
  5339 | D:5      | Noticed Prince Ribbit
  5345 | D:5      | Killed Prince Ribbit
  5345 | D:5      | Reached skill level 5 in Spellcasting
  5345 | D:5      | Reached skill level 6 in Conjurations
  6158 | D:5      | Found Qorympam's Weapon Shop.
  6484 | D:6      | Reached skill level 7 in Conjurations
  6556 | D:6      | Reached XP level 9. HP: 68/68 MP: 17/17
  6575 | D:6      | Slain by an orc priest

Levels and vault maps discovered:
D:1:      dpeg_arrival_pond, layout_loops_cross, chequers_serial_rivers_micro_a,
          kennysheep_nondescript
D:2:      layout_rooms, overflow_temple_1_default, elyvilon_altar_1,
          minmay_tromino_v4_c
D:3:      layout_loops_ring, tso_oasis_becter, minmay_increasing_density
D:4:      layout_rooms, zin_angel, first_ration, fedhas_altar_2, uniq_duvessa
D:5:      layout_basic, serial_shops, nicolae_shop_trees, uniq_prince_ribbit1
D:6:      layout_gridville, kennysheep_mini, moated_statue

Skill      XL: |  1  2  3  4  5  6  7  8 |
---------------+-------------------------+-----
Conjurations   | 2 3 4 5 7 |  7.0
Spellcasting   | 3 4 5 |  5.7
Fire Magic     | 4 5 6 |  6.9
Dodging        | |  1.5
Stealth        | |  3.0

Action                   |  1- 3 |  4- 6 |  7- 9 || total
-------------------------+-------+-------+-------++-------
Melee: Unarmed           |    11 |       |       ||    11
       Short sword       |     9 |   195 |   163 ||   367
Throw: Boomerang         |       |    18 |     2 ||    20
 Cast: Foxfire           |    13 |     8 |    13 ||    34
       Sticky Flame      |       |     8 |    21 ||    29
 Abil: Spit Poison       |    25 |    40 |    19 ||    84
  Use: Scroll            |     5 |     5 |     3 ||    13
       Potion            |       |     3 |     1 ||     4
 Stab: Sleeping          |       |    15 |     5 ||    20
  Eat: Chunk             |       |    13 |     8 ||    21
       Ration            |       |       |     1 ||     1
Armor: Robe              |     5 |    49 |    78 ||   132
Dodge: Dodged            |    21 |   122 |    98 ||   241

Table legend:
 A = Non-vault XP
 B = Vault XP
 C = Vault XP percentage of total XP
 D = Non-vault monster count
 E = Vault monster count
 F = Vault count percentage of total count
                 A         B        C        D         E       F
            +---------+---------+-------+---------+---------+-------
      Total |    1816 |     550 |  23.2 |     120 |      16 |  11.8
            +---------+---------+-------+---------+---------+-------
        D:1 |      31 |       0 |   0.0 |      18 |       0 |   0.0
        D:2 |     100 |       4 |   3.8 |      25 |       2 |   7.4
        D:3 |     163 |      55 |  25.2 |      26 |      11 |  29.7
        D:4 |     453 |     223 |  33.0 |      25 |       2 |   7.4
        D:5 |    1009 |     268 |  21.0 |      18 |       1 |   5.3
        D:6 |      60 |       0 |   0.0 |       8 |       0 |   0.0
            +---------+---------+-------+---------+---------+-------
